 Dungeon Crawl Stone Soup version 0.23.2-30-g0e89c35649 (webtiles) character file.

Game seed: 17192279424003726744

1136 HASTUR3 the Covert (level 8, -3/38 HPs)
             Began as a Vine Stalker Assassin on June 21, 2019.
             Slain by a sky beast (6 damage)
             ... on level 5 of the Dungeon.
             The game lasted 00:26:16 (5286 turns).

HASTUR3 the Covert (Vine Stalker Assassin)          Turns: 5286, Time: 00:26:17

Health: -3/38      AC:  3    Str: 14    XL:     8   Next: 36%
Magic:  0/9        EV: 11    Int: 11    God:
Gold:   213        SH:  0    Dex: 18    Spells: 7/7 levels left

rFire    . . .     SeeInvis .   a - +2 dagger
rCold    + . .     Gourm    .   (no shield)
rNeg     . . .     Faith    .   c - +0 robe
rPois    .         Spirit   +   (no helmet)
rElec    .         Reflect  .   d - +0 cloak
rCorr    .         Harm     .   (no gloves)
MR       +....                  (no boots)
Stlth    +++++.....             (no amulet)
HPRegen  0.52/turn              r - ring of protection from cold
MPRegen  0.11/turn              (no ring)

@: about to teleport
A: fangs 3, regeneration 1, magic shield, antimagic bite, no potion heal 3, rot
immunity
a: no special abilities


You were on level 5 of the Dungeon.
You were not hungry.

You visited 1 branch of the dungeon, and saw 5 of its levels.

You collected 213 gold pieces.

Inventory:

Hand Weapons
 a - a +2 dagger (weapon)
 b - a +0 blowgun
Missiles
 e - 42 poisoned needles
 f - a curare-tipped needle
Armour
 c - a +0 robe (worn)
 d - a +0 cloak (worn)
Jewellery
 r - a ring of protection from cold (left hand)
 C - an uncursed ring of protection from fire {unknown}
 F - an uncursed ring of see invisible {unknown}
Wands
 B - a wand of disintegration (10)
 E - a wand of acid (4)
Scrolls
 i - 7 scrolls of identify
 l - 4 scrolls of remove curse
 m - a scroll of amnesia {unknown}
 t - 2 scrolls of teleportation
 u - 2 scrolls of enchant weapon {unknown}
 v - a scroll of fog {unknown}
 x - 2 scrolls of blinking {unknown}
 y - a scroll of magic mapping {unknown}
Potions
 h - a potion of heal wounds {unknown}
 j - a potion of brilliance
 k - a potion of mutation {unknown}
 n - 2 potions of flight {unknown}
 o - a potion of cancellation {unknown}
 p - a potion of berserk rage {unknown}
 q - 2 potions of agility {unknown}
 s - 4 potions of curing {unknown}
 w - a potion of lignification {unknown}
 z - 2 potions of magic {unknown}
 A - a potion of haste
 D - 2 potions of resistance {unknown}
Comestibles
 g - 7 rations


   Skills:
 - Level 1.7 Fighting
 + Level 3.8 Short Blades
 - Level 5.1 Throwing
 - Level 0.7 Dodging
 + Level 10.4 Stealth


You had 7 spell levels left.
You didn't know any spells.
Your spell library was empty.

Dungeon Overview and Level Annotations

Branches:
Dungeon (5/15)
 Temple: D:4-7

Altars:
Fedhas
Gozag
Makhleb
Nemelex Xobeh
Qazlal
Ru
Vehumet
Xom
Zin

Shops:
D:4 *


Innate Abilities, Weirdness & Mutations

You have razor-sharp teeth.
Your natural rate of healing is unusually fast.
When hurt, damage is shared between your health and your magic reserves.
Your bite disrupts and absorbs the magic of your enemies.
Potions cannot restore your health.
You are immune to rotting.


Message History

Something hits you. Something shocks you.
You hit something but do no damage. Your bite misses something.
The bullfrog zombie barely misses you. x2
Something hits you. Something shocks you.
* * * LOW HITPOINT WARNING * * *
Okay, then.
As you read the scroll labeled FYIKOH EMUOTHY, it crumbles to dust.
You feel blessed for a moment.
It was a scroll of remove curse.
The bullfrog zombie barely misses you.
As you read the scroll labeled PIRPHI WEHO, it crumbles to dust.
You feel strangely unstable.
It was a scroll of teleportation.
The bullfrog zombie closely misses you. Something hits you.
* * * LOW HITPOINT WARNING * * *
Something shocks you.
* * * LOW HITPOINT WARNING * * *
The bullfrog zombie barely misses you. Something hits you.
* * * LOW HITPOINT WARNING * * *
Something shocks you.
You die...

#...# ###.#
#.### #...#
#.#.# #.#.#
#.#.#
#.#.######
#.##.#.#@##
#.#....Z{.#
#.##.#.#.##
#..........5♣
####.#.#.#..♣
#.....5...♣
##>#.#.#..♣
#.........♣
##.#.#.#..♣


You could see a crimson imp and a bullfrog zombie.

Vanquished Creatures
  Sigmund (D:4)
  A sky beast (D:5)
  2 ice beasts (D:5)
  A phantom (D:5)
  An ogre (D:4)
  A crimson imp (D:3)
  A bullfrog skeleton (D:4)
  An orc priest (D:2)
  2 hounds
  5 orc wizards
  A worker ant (D:5)
  A hound zombie (D:3)
  A hound skeleton (D:4)
  2 gnolls (D:2)
  4 adders (D:2)
  2 oozes
  A worm (D:4)
  A dart slug (D:1)
  5 leopard geckos
  12 orcs
  4 giant cockroaches
  10 goblins
  7 hobgoblins
  14 jackals
  5 quokkas (D:2)
  3 ball pythons
  12 bats
  6 frilled lizards
  15 kobolds
  A quokka skeleton (D:4)
  8 rats
131 creatures vanquished.

Notes
Turn   | Place    | Note
-------+----------+-------------------------------------------
     0 | D:1      | HASTUR3 the Vine Stalker Assassin began the quest for the
                  | Orb.
     0 | D:1      | Reached XP level 1. HP: 11/11 MP: 2/2
    38 | D:1      | Reached skill level 5 in Stealth
   104 | D:1      | Reached XP level 2. HP: 15/15 MP: 3/3
   363 | D:1      | Reached skill level 6 in Stealth
   407 | D:1      | Reached XP level 3. HP: 18/18 MP: 4/4
  1367 | D:2      | Found a radiant altar of Vehumet.
  1368 | D:2      | Found a burning altar of Makhleb.
  1593 | D:2      | Found a stormy altar of Qazlal.
  1775 | D:2      | Gained mutation: Your natural rate of healing is unusually
                  | fast. [Vine Stalker growth]
  1775 | D:2      | Reached XP level 4. HP: 20/23 MP: 5/5
  1945 | D:2      | Reached skill level 7 in Stealth
  2010 | D:2      | Reached XP level 5. HP: 26/26 MP: 6/6
  2131 | D:2      | Found a blossoming altar of Fedhas.
  2135 | D:2      | Found a glowing silver altar of Zin.
  2136 | D:2      | Found a sacrificial altar of Ru.
  2140 | D:2      | Found a shimmering altar of Xom.
  2883 | D:3      | Found a sparkling altar of Nemelex Xobeh.
  3024 | D:3      | Reached XP level 6. HP: 24/30 MP: 7/7
  3426 | D:4      | Reached skill level 8 in Stealth
  3512 | D:5      | Entered Level 5 of the Dungeon
  3586 | D:4      | Noticed Sigmund
  4211 | D:4      | Reached XP level 7. HP: 34/34 MP: 8/8
  4250 | D:4      | Found Gozag's Platinum Reserve.
  4251 | D:4      | Found an opulent altar of Gozag.
  4307 | D:4      | Killed Sigmund
  4307 | D:4      | Reached skill level 5 in Throwing
  4307 | D:4      | Reached skill level 9 in Stealth
  4986 | D:5      | Gained mutation: You have razor-sharp teeth. [Vine Stalker
                  | growth]
  4986 | D:5      | Reached XP level 8. HP: 38/38 MP: 9/9
  5018 | D:5      | Reached skill level 10 in Stealth
  5286 | D:5      | Slain by a sky beast

Skill      XL: |  1  2  3  4  5  6  7  8 |
---------------+-------------------------+-----
Stealth        | 5 6 7 8 9 10 | 10.4
Throwing       | 2 3 4 5 |  5.1
Short Blades   | 2 3 |  3.8
Fighting       | |  1.7
Dodging        | |  0.7

Action                   |  1- 3 |  4- 6 |  7- 9 || total
-------------------------+-------+-------+-------++-------
Melee: Dagger            |   120 |   227 |    97 ||   444
       Bite              |    27 |    74 |    40 ||   141
 Fire: Blowgun           |     1 |    17 |    33 ||    51
  Use: Scroll            |     1 |       |     2 ||     3
       Potion            |       |     1 |     1 ||     2
 Stab: Sleeping          |    17 |    16 |     1 ||    34
       Distracted        |     1 |       |       ||     1
  Eat: Chunk             |     3 |     8 |     3 ||    14
Armor: Robe              |    17 |    47 |    15 ||    79
Dodge: Dodged            |    54 |   104 |    44 ||   202
